 Dungeon Crawl Stone Soup version 0.25.1-8-g42b30a86e7 (webtiles) character file.

Game seed: 4253443118234805228

13731 KamiKatze the Protected (level 12, 0/123 HPs)
             Began as a Halfling Berserker on Dec 4, 2020.
             Was a High Priest of Trog.
             Succumbed to a black mamba's poison
             ... on level 2 of the Lair of Beasts.
             The game lasted 00:52:49 (13676 turns).

KamiKatze the Protected (Halfling Berserker)       Turns: 13676, Time: 00:52:49

Health: 0/123      AC: 14    Str: 22    XL:     12   Next: 36%
Magic:  14/14      EV: 16    Int:  5    God:    Trog [*****.]
Gold:   731        SH:  5    Dex: 15    Spells: 11/11 levels left

rFire    . . .     SeeInvis .   a - +1 scimitar (freeze)
rCold    + . .     Gourm    .   (shield restricted)
rNeg     . . .     Faith    .   P - +0 chain mail
rPois    .         Spirit   .   (no helmet)
rElec    .         Reflect  +   l - +0 cloak
rCorr    .         Harm     .   r - +0 pair of gloves
MR       ++...                  (no boots)
Stlth    ..........             m - amulet of reflection
HPRegen  1.30/turn              v - ring of protection from cold
MPRegen  0.14/turn              M - ring of flight

@: berserking (expiring), lethally poisoned (0 -> -18), regenerating (expiring),
very quick
A: small, mutation resistance 1
a: Berserk, Trog's Hand, Brothers in Arms, Renounce Religion, Evoke Flight


You were on level 2 of the Lair of Beasts.
You worshipped Trog.
Trog was extremely pleased with you.
You were very hungry.

You visited 3 branches of the dungeon, and saw 13 of its levels.
You also visited: Ossuary.

You collected 731 gold pieces.

Inventory:

Hand Weapons
 a - a +1 scimitar of freezing (weapon)
 d - a +1 mace of holy wrath
 C - a +0 hunting sling
 I - a +0 war axe
 J - a +0 short sword
 U - a +2 flail of venom
Missiles
 i - 15 boomerangs
 k - 319 stones
 o - 6 poisoned darts (quivered)
 D - 69 sling bullets
Armour
 l - a +0 cloak (worn)
 r - a +0 pair of gloves (worn)
 y - a cursed +0 plate armour
 H - a +0 kite shield
 O - a +0 scale mail
 P - a +0 chain mail (worn)
 S - the +2 scale mail of Ampuew {*Slow MR+++ rCorr Str-5}
   (You found it on level 1 of the Lair of Beasts)

   It affects your strength (-5).
   It affects your resistance to hostile enchantments.
   It provides partial protection from all sources of acid and corrosion.
   It may slow you when you take damage.
Jewellery
 h - an uncursed amulet of guardian spirit
 m - an amulet of reflection (around neck)
 v - a ring of protection from cold (left hand)
 B - an uncursed ring of see invisible {unknown}
 M - a ring of flight (right hand)
Wands
 K - a wand of iceblast (16)
 L - a wand of enslavement (5)
 N - a wand of acid (8)
Scrolls
 b - 3 scrolls of teleportation
 e - a scroll of remove curse
 t - 2 scrolls of fog
 u - 3 scrolls of fear
 z - 3 scrolls of magic mapping
 T - a scroll of enchant weapon
Potions
 f - a potion of berserk rage {unknown}
 g - 3 potions of heal wounds
 j - 3 potions of haste
 n - 5 potions of curing
 p - a potion of magic {unknown}
 q - a potion of resistance {unknown}
 s - 4 potions of might
 w - 3 potions of invisibility
 A - 3 potions of flight
 E - 2 potions of degeneration {unknown}
 F - 2 potions of mutation
 G - 2 potions of cancellation {unknown}
 R - 2 potions of stabbing {unknown}
Comestibles
 c - 23 rations
 x - 8 chunks of flesh


   Skills:
 + Level 8.0 Fighting
 - Level 9.1(11.4) Short Blades
 * Level 9.4(10.5) Long Blades
 + Level 10.2 Armour
 + Level 9.0 Dodging
 + Level 3.6 Shields
 - Level 3.0 Evocations


You had 11 spell levels left.
You didn't know any spells.
Your spell library was empty.

Dungeon Overview and Level Annotations

Branches:
Dungeon (10/15)            Temple (1/1) D:5            Lair (2/6) D:9
Ossuary (visited)
  Swamp: Lair:2-4    Shoals: Lair:2-4     Snake: Lair:2-4    Spider: Lair:2-4
    Orc: D:9-12

Altars:
Ashenzari
Cheibriados
Dithmenos
Elyvilon
Fedhas
Gozag
Hepliaklqana
Kikubaaqudgha
Makhleb
Nemelex Xobeh
Okawaru
Qazlal
Ru
Sif Muna
Trog
Uskayaw
Vehumet
Wu Jian
Xom
Yredelemnul
Zin
The Shining One

Shops:
D:6 %   D:7 :   D:10 =

Annotations:
D:9 1 exclusion
Lair:1 exclusion: oklob plant


Innate Abilities, Weirdness & Mutations

You are small and have problems with some larger weapons.
You are somewhat resistant to further mutation.


Message History

You barely miss the black mamba.
The black mamba is severely wounded.
You feel the effects of Trog's Hand fading.
You feel sick. The black mamba closely misses you.
You riposte.
Your chain mail prevents you from hitting the black mamba.
The black mamba is severely wounded.
You closely miss the black mamba.
The black mamba is severely wounded.
You feel sick.
The komodo dragon is no longer moving slowly.
The black mamba closely misses you.
You hit the komodo dragon. You freeze the komodo dragon.
The komodo dragon is heavily wounded.
You feel sick. The black mamba bites you!
* * * LOW HITPOINT WARNING * * *
You are more poisoned.
The black mamba poisons you! The komodo dragon closely misses you.
You slash the black mamba! You freeze the black mamba.
The black mamba is almost dead.
You die...

#### #.### ## ##
####..####.P####.##.###
.......................
.......................
........l.............
....P####P#.#......#
....# ######....(# ....
##Sl..# .... ##@..# ...
#...# ... #...#####
###...).# ... #......#
#...≈.#
##...>.####.≈≈..#
#...........≈.≈..
#..#P#......≈....
######...........


You could see a komodo dragon and a black mamba.

Vanquished Creatures
  A hydra (Lair:1)
  A two-headed ogre (D:8)
  Pikel (D:9)
  Joseph (D:8)
  2 spiny frogs (Lair:1)
  3 komodo dragons
  Prince Ribbit (D:7)
  A queen bee (D:9)
  14 blink frogs
  A hippogriff (Lair:1)
  A basilisk (Lair:1)
  7 yaks
  2 hungry ghosts (D:8)
  Menkaure (D:6)
  2 water moccasins (Lair:1)
  6 porcupines
  An ice beast (D:6)
  A slave (D:9)
  2 sky beasts
  4 ogres
  2 wolves (Lair:1)
  6 crocodiles
  2 big kobolds (D:8)
  3 bullfrogs
  A gnoll sergeant (D:8)
  4 scorpions
  24 killer bees
  7 wights
  4 howler monkeys
  An electric eel (D:6)
  3 crimson imps
  6 hounds
  2 centaur zombies
  2 jellies (D:5)
  A quasit (D:9)
  2 orc priests
  Crazy Yiuf (D:7)
  8 orc wizards
  7 iguanas
  Natasha (thrice) (D:4)
  3 worker ants
  2 big kobold zombies (Ossuary)
  A hound zombie (D:5)
  2 mummies (Ossuary)
  4 gnolls (D:8)
  13 adders
  3 oozes
  5 adder zombies (Ossuary)
  2 worms (D:3)
  2 dart slugs (D:2)
  3 leopard geckos
  21 orcs
  4 giant cockroaches
  4 goblins
  3 hobgoblins
  10 jackals
  3 quokkas
  9 bats
  5 frilled lizards
  A goblin zombie (Ossuary)
  11 hobgoblin zombies (Ossuary)
  3 jackal zombies
  12 kobolds
  5 kobold zombies (Ossuary)
  A leopard gecko skeleton (D:6)
  8 orc zombies (Ossuary)
  A quokka skeleton (D:7)
  A quokka zombie (D:8)
  8 rats
  2 rat zombies (Ossuary)
294 creatures vanquished.

Vanquished Creatures (others)
  A slave (D:9)
  A killer bee (D:9)
  A bullfrog skeleton (D:9)
  2 orcs
  2 fungi (D:9)
  14 plants
21 creatures vanquished.

Grand Total: 315 creatures vanquished

Notes
Turn   | Place    | Note
-------+----------+-------------------------------------------
     0 | D:1      | KamiKatze the Halfling Berserker began the quest for the
                  | Orb.
     0 | D:1      | Reached XP level 1. HP: 15/15 MP: 1/1
   235 | D:1      | Reached XP level 2. HP: 6/20 MP: 2/2
   678 | D:1      | Reached XP level 3. HP: 24/25 MP: 3/3
  1095 | D:2      | Reached ** piety under Trog
  1309 | D:2      | Reached XP level 4. HP: 29/31 MP: 4/4
  1462 | D:2      | Found a sparkling altar of Nemelex Xobeh.
  1849 | D:3      | Reached skill level 3 in Armour
  1849 | D:3      | Reached XP level 5. HP: 36/36 MP: 5/5
  1949 | D:3      | Reached skill level 5 in Short Blades
  2610 | D:4      | Found a sand-covered staircase.
  2654 | Ossuary  | Entered an ossuary
  2722 | Ossuary  | Reached *** piety under Trog
  3309 | Ossuary  | Reached XP level 6. HP: 42/42 MP: 6/6
  3611 | D:4      | Noticed Natasha
  3625 | D:4      | Killed Natasha
  3650 | D:4      | Noticed Natasha
  3660 | D:4      | Killed Natasha
  3660 | D:4      | Reached **** piety under Trog
  3660 | D:4      | Reached XP level 7. HP: 28/47 MP: 7/7
  3834 | D:4      | Noticed Natasha
  3852 | D:4      | Killed Natasha
  3852 | D:4      | Reached skill level 4 in Armour
  4124 | D:5      | Entered Level 5 of the Dungeon
  4262 | D:5      | Found a staircase to the Ecumenical Temple.
  4271 | Temple   | Entered the Ecumenical Temple
  4530 | D:5      | Reached XP level 8. HP: 43/54 MP: 8/8
  5735 | D:6      | Reached skill level 5 in Armour
  5735 | D:6      | Reached skill level 5 in Dodging
  5921 | D:6      | Reached skill level 1 in Long Blades
  6139 | D:6      | Reached skill level 5 in Fighting
  6475 | D:6      | Reached XP level 9. HP: 38/61 MP: 9/9
  6979 | D:6      | Found Kaonn's Food Shop.
  7182 | D:7      | Noticed Menkaure
  7193 | D:6      | Killed Menkaure
  7193 | D:6      | Reached skill level 6 in Armour
  7234 | D:7      | Found Tiduhaem's Book Emporium.
  7442 | D:7      | Noticed Prince Ribbit
  7798 | D:7      | Killed Prince Ribbit
  7936 | D:7      | Found a runed translucent door.
  7937 | D:7      | Noticed Crazy Yiuf
  7945 | D:7      | Killed Crazy Yiuf
  8226 | D:8      | Reached skill level 7 in Armour
  8407 | D:8      | Reached XP level 10. HP: 68/68 MP: 10/10
  8469 | D:8      | Noticed a two-headed ogre
  8477 | D:8      | Killed a two-headed ogre
  8477 | D:8      | Reached skill level 5 in Long Blades
  8584 | D:8      | Found an ancient bone altar of Kikubaaqudgha.
  8589 | D:8      | Noticed Joseph
  8600 | D:8      | Killed Joseph
  8600 | D:8      | Reached skill level 8 in Armour
  9830 | D:9      | Reached XP level 11. HP: 42/74 MP: 11/11
  9925 | D:9      | Noticed Pikel
  9951 | D:9      | Killed Pikel
  9951 | D:9      | Reached skill level 9 in Armour
 10805 | D:9      | Found a staircase to the Lair.
 11537 | D:10     | Entered Level 10 of the Dungeon
 11541 | D:10     | Reached ***** piety under Trog
 11701 | D:10     | Found Taeraug's Jewellery Shop.
 11977 | Lair:1   | Entered Level 1 of the Lair of Beasts
 12048 | Lair:1   | Reached skill level 1 in Evocations
 12124 | Lair:1   | Reached skill level 1 in Shields
 12722 | Lair:1   | Got a masterwork scale mail
 12733 | Lair:1   | Identified the +2 scale mail of Ampuew {*Slow MR+++ rCorr
                  | Str-5} (You found it on level 1 of the Lair of Beasts)
 12863 | Lair:1   | Noticed an oklob plant
 12863 | Lair:1   | Noticed a seven-headed hydra
 12934 | Lair:1   | Killed a seven-headed hydra
 13017 | Lair:1   | Reached XP level 12. HP: 61/81 MP: 14/14
 13278 | Lair:2   | Reached skill level 10 in Armour
 13553 | Lair:2   | HP: 4/82 [blink frog (14)]
 13675 | Lair:2   | HP: 1/123 [black mamba (11)]
 13676 | Lair:2   | Succumbed to a black mamba's poison

Illustrated notes

Levels and vault maps discovered:
D:1:      heliophobic_arrival_battle_scene, layout_basic, minmay_3d_cube
D:2:      layout_rooms, nemelex_lonely_heart_becter
D:3:      layout_loops_corners
D:4:      layout_rooms, enter_ossuary_1, first_ration, uniq_natasha
D:5:      layout_layer_cave, minmay_temple_entry_grid,
          corexii_item_surrounded_by_moat
D:6:      wad_river_or_something, layout_basic, serial_shops, shop,
          nicolae_sextant
D:7:      layout_basic, serial_shops, shop, uniq_crazy_yiuf_cottage,
          uniq_menkaure, uniq_prince_ribbit1
D:8:      layout_loops_ring, lemuel_crystal_altar, uniq_joseph
D:9:      kennysheep_windowed_halls, layout_basic, minmay_lair_entry_grove,
          special_room [special_room_bee], uniq_pikel
D:10:     layout_small_grid, serial_shops, nicolae_shop_statue_plus, shop_coins,
          shop, david_nohive_1, uniq_snorg
Temple:   minmay_crystal_snake_temple
Lair:1:   layout_cave_pods, chequers_serial_rivers_micro_c,
          minmay_lair_oklob_chamber
Lair:2:   layout_cellular_growth, maelrawn_ghost_gauntlet_escape, serial_rivers,
          chequers_serial_rivers_micro_c, chequers_serial_rivers_micro_e,
          chequers_serial_rivers_small_3, chequers_serial_rivers_micro_c,
          grunt_megastairs_3

Skill      XL: |  1  2  3  4  5  6  7  8  9 10 11 12 |
---------------+-------------------------------------+-----
Short Blades   | 4 5 6 7 8 9 |  9.1
Fighting       | 3 4 5 6 7 8 |  8.0
Armour         | 3 4 5 7 8 9 10 | 10.2
Dodging        | 3 4 5 6 7 8 9 |  9.0
Long Blades    | 1 4 6 8 9 |  9.4
Evocations     | 3 |  3.0
Shields        | 2 3 |  3.6

Action                   |  1- 3 |  4- 6 |  7- 9 | 10-12 || total
-------------------------+-------+-------+-------+-------++-------
Melee: Short sword       |   129 |   367 |   372 |       ||   868
       Scimitar          |       |       |   102 |   563 ||   665
       Flail             |       |       |       |    10 ||    10
Throw: Stone             |     2 |       |     5 |       ||     7
       Dart              |       |     4 |    11 |     8 ||    23
Invok: Berserk           |       |     2 |     9 |     5 ||    16
       Trog's Hand       |       |     1 |     5 |     9 ||    15
  Use: Scroll            |       |     6 |    11 |     3 ||    20
       Potion            |       |       |       |     3 ||     3
 Stab: Sleeping          |     2 |     1 |       |       ||     3
  Eat: Chunk             |     1 |     4 |    24 |    19 ||    48
       Ration            |       |     2 |     1 |     2 ||     5
Armor: Animal skin       |    14 |       |       |       ||    14
       Leather armour    |     6 |    40 |       |       ||    46
       Ring mail         |       |    16 |    67 |    84 ||   167
       Chain mail        |       |       |       |    49 ||    49
       Scale mail        |       |       |       |     1 ||     1
Dodge: Dodged            |    86 |   175 |   286 |   474 ||  1021
Block: Other             |     8 |    56 |    90 |   156 ||   310
       Reflection        |     1 |       |     1 |       ||     2
       Rpst.: Scimitar   |       |       |    21 |   123 ||   144
